Map: Lightshade LE

Players

Artemis - Winner!

  • Race: Protoss Protoss
  • League: Platinum
  • Spawn Location: 5:00

KingDeuce

  • Race: Terran Terran
  • League: Platinum
  • Spawn Location: 11:00

VOD

Have the link to the VOD?

Description

Time

  • Played on: Dec. 22, 2020, 9:39 p.m.
  • Length: 6:50
Show
View Real Time Build Order
Export as new Build Order

Artemis Protoss - Winner!

Build Orders: 1 Gate Expand 

Get SALT Encoding   

  12  0:00  Probe  
  13  0:12  Probe  
  14  0:20  Pylon  
  14  0:24  Probe (Chrono Boost)  
  15  0:40  Probe (Chrono Boost)  
  16  0:43  Gateway  
  16  0:45  Probe (Chrono Boost)  
  17  0:51  Assimilator  
  17  0:56  Probe  
  18  1:13  Probe (Chrono Boost)  
  20  1:25  Probe (Chrono Boost)  
  20  1:32  Probe (Chrono Boost)  
  21  1:39  Nexus  
  20  1:49  Cybernetics Core  
  19  2:04  Probe  
  20  2:16  Probe (Chrono Boost)  
  20  2:19  Assimilator  
  21  2:22  Pylon  
  21  2:28  Probe (Chrono Boost)  
  22  2:30  Warp Gate  
  22  2:37  Probe (Chrono Boost)  
  23  2:40  Stalker (Chrono Boost)  
  25  2:46  Probe  
  26  2:58  Probe  
  24  3:20  Probe  
  25  3:30  Probe  
  25  3:32  Probe  
  27  3:34  Twilight Council  
  27  3:35  Robotics Facility  
  27  3:39  Gateway  
  27  3:40  Shield Battery  
  27  3:51  Probe x2  
  29  4:03  Probe x2  
  29  4:07  Gateway, Charge (Chrono Boost)  
  31  4:11  Gateway x2  
  31  4:14  Gateway  
  31  4:19  Gateway, Warp Prism  
  33  4:41  Pylon  
  33  4:43  Pylon, Probe x2  
  35  4:52  Pylon  
  35  4:54  Pylon  
  35  5:05  Zealot x3  
  35  5:06  Zealot  
  43  5:13  Probe x2  
  45  5:25  Probe x2  
  47  5:33  Pylon  
  47  5:48  Zealot x3  
  47  5:49  Zealot x2  
  57  5:50  Zealot x2  
  61  6:04  Shield Battery, Observer  
  56  6:06  Shield Battery  
  56  6:08  Pylon  
  56  6:10  Zealot  
  56  6:11  Zealot x4  
  54  6:12  Zealot x2  
  58  6:31  Zealot  
  58  6:32  Zealot x5  
Show
View Real Time Build Order
Export as new Build Order

KingDeuce Terran 

Build Orders: Reaper Expand 

Get SALT Encoding   

  12  0:00  SCV  
  13  0:13  SCV  
  14  0:18  Supply Depot  
  14  0:25  SCV  
  15  0:40  SCV  
  15  0:42  Barracks  
  16  0:48  Refinery  
  16  0:52  SCV  
  17  1:07  Refinery  
  17  1:10  SCV  
  18  1:22  SCV  
  19  1:34  Reaper  
  20  1:42  Orbital Command  
  20  1:50  Command Center  
  20  2:08  SCV  
  21  2:10  Marine  
  22  2:21  SCV  
  23  2:22  Supply Depot  
  23  2:30  Factory  
  23  3:25  SCV, Factory Tech Lab  
  23  3:27  Orbital Command  
  23  3:29  Bunker  
  23  3:30  Barracks Reactor  
  23  3:37  SCV  
  24  3:46  Cyclone  
  27  3:48  Starport  
  27  3:52  SCV  
  27  3:54  SCV  
  29  4:04  SCV  
  29  4:05  Supply Depot  
  29  4:06  SCV  
  29  4:07  Marine x2  
  33  4:11  Supply Depot  
  33  4:12  Supply Depot  
  33  4:14  Supply Depot  
  33  4:16  SCV, Refinery  
  34  4:18  SCV, Refinery  
  35  4:25  Marine x2  
  35  4:27  Siege Tank  
  35  4:28  SCV  
  35  4:30  SCV  
  42  4:33  Supply Depot  
  42  4:41  SCV  
  42  4:42  SCV  
  42  4:44  Marine x2  
  46  4:46  Starport Tech Lab  
  46  4:53  SCV  
  46  4:54  SCV  
  48  5:05  Banshee  
  48  5:07  Cloaking Field  
  51  5:08  Siege Tank  
  54  5:15  Fusion Core  
  54  5:18  SCV x2  
  54  5:19  Engineering Bay  
  56  5:30  SCV x2  
  58  5:35  Marine  
  58  5:36  Marine  
  58  5:42  Starport  
  55  6:09  Siege Tank  
  55  6:11  SCV  
Tags
 
Add a new tag
Caveats
  • Supply blocks, unpowered buildings, or Contaminate may cause inaccurate times.
  • Supply counts are checked every 10 seconds.